Map: 2000 Atmospheres LE

Players

Liquidthermy (uThermal)

  • Race: Terran Terran

DRG - Winner!

  • Race: Zerg Zerg

VOD

Have the link to the VOD?

Description

Time

  • Played on: Oct. 21, 2021, 8:45 a.m.
  • Length: 7:38
Show
View Real Time Build Order
Export as new Build Order

Liquidthermy Terran 

Build Orders: Reaper Expand, Hellion Banshee, Mech 

Get SALT Encoding   

  12  0:00  SCV  
  13  0:12  SCV  
  14  0:17  Supply Depot  
  14  0:24  SCV  
  15  0:38  SCV  
  15  0:40  Barracks  
  16  0:43  Refinery  
  16  0:50  SCV  
  17  1:03  SCV  
  18  1:15  SCV  
  19  1:28  Reaper, Orbital Command  
  20  1:39  Command Center  
  20  1:50  Supply Depot  
  20  1:54  SCV  
  21  1:59  Marine  
  22  2:06  SCV  
  23  2:08  Factory  
  23  2:14  Refinery  
  23  2:20  Barracks Reactor  
  23  2:21  SCV  
  24  2:33  SCV  
  25  2:45  SCV  
  26  2:52  Orbital Command  
  26  2:54  Starport  
  26  2:57  SCV  
  27  2:59  Hellion  
  27  3:00  Hellion  
  27  3:05  Barracks Tech Lab  
  31  3:09  SCV  
  31  3:10  Supply Depot  
  32  3:21  SCV, Hellion x2  
  32  3:23  SCV  
  38  3:34  SCV  
  39  3:35  SCV  
  39  3:36  Banshee  
  39  3:37  Cloaking Field  
  43  3:45  Hellion x2  
  43  3:47  SCV  
  48  3:48  SCV  
  49  3:58  Supply Depot  
  49  3:59  SCV  
  49  4:01  SCV  
  51  4:11  SCV  
  51  4:12  Command Center  
  52  4:18  Barracks Tech Lab  
  52  4:19  Banshee  
  52  4:20  SCV  
  52  4:23  SCV  
  57  4:26  Refinery  
  57  4:27  Refinery  
  57  4:29  Supply Depot  
  57  4:33  SCV  
  57  4:36  Hellion  
  57  4:37  Hellion  
  62  4:51  SCV x2  
  64  4:54  Factory  
  64  4:57  Factory  
  64  4:59  Armory  
  64  5:03  Supply Depot, SCV x2  
  66  5:11  Hellion x2  
  66  5:13  Starport Reactor  
  70  5:25  SCV x2  
  74  5:36  Hellion x2  
  74  5:37  SCV x2  
  78  5:49  Thor x2  
  79  5:50  Supply Depot  
  79  5:52  Supply Depot  
  92  6:01  Medivac  
  92  6:02  Supply Depot  
  92  6:05  Medivac  
  92  6:11  SCV x2  
  93  6:12  Hellion x2  
  87  6:19  Orbital Command  
  87  6:23  SCV x2  
  88  6:33  Hellion  
  88  6:35  SCV, Hellion x2  
  88  6:36  Siege Tank  
  88  6:39  SCV  
  99  6:42  Refinery  
  99  6:43  Medivac x2, Supply Depot, Refinery  
  103  6:47  SCV  
  103  6:48  SCV  
  103  6:51  SCV  
  106  6:56  Siege Tank  
  106  6:59  SCV  
  106  7:00  SCV  
  111  7:06  SCV, Hellion x2  
  116  7:11  Supply Depot, SCV  
  116  7:13  SCV  
  112  7:15  Hellion  
  102  7:24  SCV  
Show
View Real Time Build Order
Export as new Build Order

DRG Zerg - Winner!

Build Orders: Hatch First 

Get SALT Encoding   

  12  0:00  Drone  
  13  0:12  Overlord  
  13  0:17  Drone  
  14  0:30  Drone x2  
  16  0:48  Hatchery  
  15  0:51  Drone  
  15  0:54  Drone  
  17  0:58  Drone  
  18  1:13  Spawning Pool  
  18  1:15  Drone  
  18  1:19  Drone  
  19  1:27  Drone  
  20  1:38  Drone  
  21  1:41  Extractor  
  20  1:49  Drone  
  21  2:00  Queen x2, Zergling x4  
  27  2:10  Overlord  
  27  2:11  Drone  
  28  2:19  Hatchery  
  28  2:22  Drone  
  28  2:29  Drone  
  29  2:32  Drone  
  29  2:36  Drone  
  31  2:38  Queen  
  33  2:46  Overlord  
  33  2:47  Drone  
  34  2:53  Drone x2  
  34  2:56  Metabolic Boost  
  36  3:03  Overlord  
  36  3:06  Drone  
  36  3:11  Drone x2  
  39  3:13  Drone  
  39  3:16  Queen  
  42  3:21  Drone  
  42  3:22  Drone  
  42  3:26  Queen  
  46  3:28  Drone  
  46  3:29  Drone  
  48  3:34  Queen  
  48  3:38  Overlord  
  48  3:41  Drone  
  51  3:43  Drone  
  51  3:45  Zergling x4  
  51  3:47  Drone  
  56  3:48  Drone  
  56  3:50  Drone  
  57  3:56  Queen  
  57  3:57  Drone  
  57  3:59  Drone  
  57  4:00  Zergling x2  
  57  4:02  Drone  
  63  4:04  Drone  
  63  4:05  Drone  
  63  4:07  Overlord  
  65  4:10  Drone  
  66  4:17  Overlord  
  66  4:20  Overlord  
  66  4:24  Queen  
  66  4:25  Overlord  
  66  4:26  Drone x4  
  66  4:29  Zergling x4  
  74  4:32  Spore Crawler  
  74  4:33  Spore Crawler  
  74  4:35  Spore Crawler  
  71  4:39  Lair  
  71  4:41  Extractor  
  71  4:42  Zergling x4  
  71  4:44  Drone  
  73  4:46  Drone  
  73  4:47  Drone x2  
  73  4:48  Drone  
  73  4:51  Drone  
  78  4:53  Drone x2  
  78  4:55  Drone, Spore Crawler  
  78  4:56  Drone  
  78  4:57  Drone  
  78  4:59  Drone  
  83  5:00  Drone x2  
  83  5:04  Drone  
  83  5:06  Extractor  
  85  5:07  Drone, Extractor  
  85  5:08  Drone x3  
  85  5:12  Drone  
  85  5:14  Drone, Baneling Nest  
  88  5:20  Drone  
  90  5:23  Overlord  
  90  5:25  Overlord  
  90  5:28  Overlord  
  90  5:30  Overlord  
  90  5:37  Overlord  
  90  5:38  Extractor  
  90  5:39  Drone x2, Overseer, Extractor  
  90  5:42  Overlord  
  89  5:43  Drone, Spire  
  89  5:44  Drone x2  
  89  5:46  Drone x3  
  89  5:49  Zergling x4  
  96  5:54  Zergling x4  
  98  6:00  Centrifugal Hooks  
  98  6:01  Zergling x2  
  98  6:06  Zergling x10  
  101  6:12  Drone x3  
  101  6:13  Drone x2  
  101  6:14  Drone  
  104  6:21  Zergling x6  
  104  6:25  Overlord  
  107  6:28  Hatchery  
  107  6:32  Zergling x4  
  108  6:35  Zergling x2  
  109  6:41  Overlord x2  
  109  6:52  Overlord  
  109  6:55  Queen x2  
  109  6:57  Mutalisk x8  
  109  6:58  Hatchery  
  127  7:04  Mutalisk  
  127  7:05  Mutalisk x2  
  133  7:13  Mutalisk  
  131  7:16  Roach Warren  
  131  7:21  Zergling x20  
Tags
 
Add a new tag
Caveats
  • Supply blocks, unpowered buildings, or Contaminate may cause inaccurate times.
  • Supply counts are checked every 10 seconds.